 Dungeon Crawl Stone Soup version 0.14-a0-1663-g0b35444 (webtiles) character file.

471 4tharraofdagon the Firebug (level 6, -2/44 (49) HPs)
             Began as a Naga Fire Elementalist on Dec 30, 2013.
             Was a Follower of Cheibriados.
             Slain by a hound (3 damage)
             ... on Level 8 of the Dungeon.
             The game lasted 00:13:59 (1445 turns).

4tharraofdagon the Firebug (Naga Fire Elementalist) Turns: 1445, Time: 00:13:59

HP  -2/44 (49)   AC  3     Str 13      XL: 6   Next: 63%
MP   1/13        EV 10     Int 19      God: Cheibriados [*.....]
Gold 116         SH  0     Dex 13      Spells:  3 memorised,  3 levels left

rFire  . . .     SeeInvis +     e - +4,+2 morningstar
rCold  . . .     Clarity  .     a - +0 robe
rNeg   . . .     Conserve .     (no shield)
rPois  +         rCorr    .     (no helmet)
rElec  .         rRot     .     (no cloak)
SustAb . .       Spirit   .     (no gloves)
rMut   .         Warding  .     (no barding)
Saprov . . .     Stasis   .     (no amulet)
                                (no ring)
                                (no ring)

@: very slow, somewhat resistant to hostile enchantments, stealthy
A: spit poison, see invisible, deformed body, poison resistance, slowness 2, AC
+2
a: Spit Poison, Bend Time, Renounce Religion


You were on level 8 of the Dungeon.
You worshipped Cheibriados.
Cheibriados was aware of your devotion.
You were hungry.

You visited 2 branches of the dungeon, and saw 9 of its levels.

You collected 116 gold pieces.

Inventory:

Hand weapons
 e - a +4,+2 morningstar (weapon)
 h - a +0,+1 orcish falchion
Armour
 a - a +0 robe (worn)
Magical devices
 d - a wand of random effects (9)
 g - a wand of cold (8)
 k - a wand of random effects (9)
 o - a wand of enslavement (0)
Comestibles
 c - 2 bread rations
 i - 2 meat rations
 j - a choko
 q - a chunk of bat flesh
Scrolls
 m - a scroll of random uselessness
Potions
 f - 3 potions of strong poison
Books
 b - a book of Flames

   Spells                             Type                      Level
   *Flame Tongue                      Conjuration/Fire             1
   Throw Flame                        Conjuration/Fire             2
   *Conjure Flame                     Conjuration/Fire             3
   Inner Flame                        Hexes/Fire                   3
   *Sticky Flame                      Conjuration/Fire             4
   Fireball                           Conjuration/Fire             5


   Skills:
 - Level 1.5 Dodging
 - Level 3.0 Stealth
 + Level 3.1 Spellcasting
 * Level 4.2 Conjurations
 * Level 5.0 Fire Magic


You had 3 spell levels left.
You knew the following spells:

 Your Spells              Type           Power        Failure   Level  Hunger
a - Flame Tongue          Conj/Fire      ###..        2%          1    None
b - Conjure Flame         Conj/Fire      ###.....     10%         3    ###....
c - Sticky Flame          Conj/Fire      ###.....     28%         4    ####...


Dungeon Overview and Level Annotations

Branches:
Dungeon (8/16)             Temple (1/1) D:4
   Lair: D:8-11

Altars:
Cheibriados
Fedhas
Okawaru
Sif Muna
Yredelemnul
Zin

Annotations:
D:4 Eustachio
D:5 exclusion: downstairs
D:8 Gastronok
Temple chei or veh


Innate Abilities, Weirdness & Mutations

You cannot wear boots.
You can spit poison.
Your serpentine skin is tough (AC +2).
You have supernaturally acute eyesight.
Armour fits poorly on your strangely shaped body.
Your system is resistant to poisons.
You cover ground very slowly.


Message History

Confirm with . or Enter, or press ? or * to list all spells.
Aiming: Sticky Flame
Press: ? - help, Shift-Dir - straight line, f - Gastronok
Aim: Gastronok wearing an embroidered wizard hat (flame, lightly wounded, poisoned, moving somewhat quickly)
The sticky flame hits Gastronok.
Gastronok is lightly wounded.
Gastronok is covered in liquid flames!
You are feeling hungry.
Gastronok burns!
The hound bites you. The hound barely misses you.
Gastronok is engulfed in roaring flames.
Gastronok bites you!
Ouch! That really hurt!
* * * LOW HITPOINT WARNING * * *
Unknown command.
You have got your breath back.
Gastronok burns!
The hound completely misses you.
Gastronok is engulfed in roaring flames.
The hound bites you.
You die...

##### ##...###
##.@j...#
###..§h§..#
######
#.....#...#
#....##
###.....#.....#
#.....##
#.....####(...#
.......###....##
.....#
<..#...#......#
##...
...#........###
#. ...##......##


You could see Gastronok (burning) and a hound.

Vanquished Creatures
  A centaur (D:6)
  A giant frog (D:8)
  2 scorpions (D:4)
  4 worker ants
  3 adders
  A giant mite (D:4)
  A worm (D:6)
  An adder zombie (D:5)
  A grey rat (D:4)
  A giant gecko (D:2)
  An ooze (D:6)
  10 orcs
  3 giant cockroaches
  5 hobgoblins
  3 jackals (D:7)
  A ball python (D:3)
  2 bats
  A giant newt (D:4)
  4 goblins
  A kobold (D:4)
  4 rats
51 creatures vanquished.

Vanquished Creatures (collateral kills)
  2 green rats (D:4)
  A white imp (D:4)
  A giant eyeball (D:4)
4 creatures vanquished.

Grand Total: 55 creatures vanquished

Notes
Turn   | Place    | Note
--------------------------------------------------------------
     0 | D:1      | 4tharraofdagon, the Naga Fire Elementalist, began the quest for the Orb.
     0 | D:1      | Reached XP level 1. HP: 15/15 MP: 3/3
   133 | D:3      | Reached XP level 2. HP: 10/22 MP: 1/4
   220 | D:4      | Found a blossoming altar of Fedhas.
   238 | D:4      | Reached XP level 3. HP: 21/28 MP: 6/6
   246 | D:4      | Learned a level 3 spell: Conjure Flame
   340 | D:4      | Reached skill level 4 in Fire Magic
   340 | D:4      | Reached XP level 4. HP: 11/36 MP: 0/8
   353 | D:4      | Found an iron altar of Okawaru.
   353 | D:4      | Found a basalt altar of Yredelemnul.
   386 | D:4      | Learned a level 4 spell: Sticky Flame
   455 | D:4      | Noticed Eustachio
   490 | D:4      | Found a staircase to the Ecumenical Temple.
   494 | Temple   | Entered the Ecumenical Temple
   526 | Temple   | Became a worshipper of Cheibriados the Contemplative
   612 | D:4      | Paralysed by a giant eyeball for 2 turns
   617 | D:4      | Paralysed by a giant eyeball for 3 turns
   630 | D:4      | Reached XP level 5. HP: 26/42 MP: 6/9
   659 | D:4      | :(
   684 | D:4      | HP: 2/42 [green rat[Eustachio] (7)]
   745 | D:4      | Noticed a centaur
   761 | D:5      | Entered Level 5 of the Dungeon
  1172 | D:6      | Noticed a centaur
  1178 | D:6      | Killed a centaur
  1178 | D:6      | Reached XP level 6. HP: 22/44 MP: 4/12
  1347 | D:8      | Reached skill level 5 in Fire Magic
  1435 | D:8      | Noticed Gastronok
  1444 | D:8      | HP: 1/44 [Gastronok (35)]
  1445 | D:8      | Slain by a hound

Action                   |  1- 3 |  4- 6 || total
-------------------------+-------+-------++-------
Melee: Unarmed           |     2 |       ||     2
       Falchion          |       |    10 ||    10
       Morningstar       |       |     3 ||     3
 Cast: Flame Tongue      |    16 |    50 ||    66
       Conjure Flame     |       |     5 ||     5
       Sticky Flame      |       |     2 ||     2
 Abil: Spit Poison       |    10 |    25 ||    35
Evoke: Wand              |     7 |    11 ||    18
  Use: Potion            |     3 |     5 ||     8
       Scroll            |       |     6 ||     6
